 Dungeon Crawl Stone Soup version 0.31.0-1-g2c135a0 (webtiles) character file.

Game seed: 4701083514554129264

16 jagoly the Trooper (level 2, -11/19 HPs)
             Began as a Gargoyle Monk on Jan 28, 2024.
             Killed by divine providence
             ... invoked by an orc priest
              (17 damage)
             ... on level 2 of the Dungeon.
             The game lasted 00:02:04 (296 turns).

jagoly the Trooper (Gargoyle Monk)                   Turns: 296, Time: 00:02:05

Health: -11/19     AC:  7    Str: 14    XL:     2   Next: 58%
Magic:  2/2        EV: 11    Int: 10    God:
Gold:   55         SH:  0    Dex: 12    Spells: 1/1 levels left

rFire   . . .        a - +0 hand axe
rCold   . . .        d - orb {light}
rNeg    + . .        f - +0 ring mail
rPois   ∞            (no helmet)
rElec   +            (no cloak)
rCorr   .            (no gloves)
SInv    .            (no boots)
Will    .....        (no amulet) Stlth
                     (no ring)
HPRegen 0.23/turn    (no ring)
MPRegen 0.08/turn

%: no passive effects
@: confused, glowing
A: sickness immunity, AC +2, negative energy resistance 1, electricity
resistance, torment resistance 1, petrification resistance
a: no special abilities


You were on level 2 of the Dungeon.
You visited 1 branch of the dungeon, and saw 2 of its levels.

You collected 55 gold pieces.

Inventory:

Hand Weapons
 a - a +0 hand axe (weapon)
Missiles
 g - 4 stones (quivered)
Armour
 b - a +0 robe
 d - an orb of light (worn)
 f - a +0 ring mail (worn)
Scrolls
 h - a scroll of identify {unknown}
Potions
 c - a potion of ambrosia
 e - a potion of attraction {unknown}


   Skills:
 + Level 3.5 Fighting
 * Level 3.0 Axes
 + Level 0.5 Armour
 - Level 2.4 Dodging
 - Level 1.0 Stealth


You had one spell level left.
You didn't know any spells.
Your spell library was empty.

Dungeon Overview and Level Annotations

Branches:
Dungeon (2/15) Zot: 11695

Altars:


Innate Abilities, Weirdness & Mutations

You are immune to sickness and miasma.
Your stone body is resilient. (AC +2)
You are immune to poison.
You resist negative energy. (rN+)
You are resistant to electric shocks. (rElec)
You are resistant to unholy torment.
You are immune to petrification.


Message History

Welcome, jagoly the Gargoyle Monk.
If you return without finding the Orb of Zot, so far below, it's all over!
Press ? for a list of commands and other information.
Found a staircase leading out of the dungeon.
You open the door.
There is an open door here.
As you open the door, it creaks loudly!
There is an open door here.
You open the door.
There is an open door here.
You open the door.
There is an open door here.
Found 8 gold pieces.
A hobgoblin comes into view.
The hobgoblin shouts!
The hobgoblin moves out of view.
You hit the hobgoblin.
The hobgoblin is heavily wounded.
The hobgoblin hits you.
You hit the hobgoblin.
You kill the hobgoblin!
No target in view!
No target in view!
HP restored.
You now have 8 gold pieces.
Found a metallic orange potion.
e - a metallic orange potion A giant cockroach and a quokka come into view.
A frilled lizard comes into view.
The frilled lizard hisses angrily.
A ball python comes into view.
The quokka bites you but does no damage.
You barely miss the quokka. You barely miss the giant cockroach.
The giant cockroach bites you. The quokka misses you.
The giant cockroach bites you but does no damage.
The quokka attacks as it pursues you! The quokka barely misses you.
The quokka bites you.
You hit the quokka.
The quokka is heavily wounded.
The quokka bites you but does no damage.
You hit the quokka.
You kill the quokka!
The giant cockroach misses you.
You hit the giant cockroach.
The giant cockroach is heavily wounded.
The giant cockroach bites you but does no damage.
You hit the giant cockroach.
The giant cockroach is severely wounded.
The giant cockroach bites you but does no damage.
You hit the giant cockroach but do no damage.
The giant cockroach is severely wounded.
The giant cockroach bites you. The giant cockroach closely misses you.
You hit the giant cockroach.
The giant cockroach is almost dead.
The giant cockroach barely misses you.
You hit the giant cockroach.
You kill the giant cockroach!
You completely miss the ball python.
The ball python bites you but does no damage.
The ball python grabs you. The ball python constricts you.
The ball python bites you but does no damage.
The ball python constricts you.
You slash the ball python!
You kill the ball python!
You hit the frilled lizard.
You kill the frilled lizard!
No target in view!
No target in view!
No target in view!
Things that are here:
a frilled lizard corpse; a ball python corpse; a giant cockroach corpse
Found a ring mail.
A kobold comes into view. It is wielding a +0 whip.
The kobold throws a stone.
The stone closely misses you.
A goblin and a kobold come into view.
The goblin shouts!
The kobold throws a stone.
The stone barely misses you. The kobold barely misses you.
You barely miss the kobold. The kobold barely misses you.
You hit the kobold.
The kobold is severely wounded.
The kobold hits you but does no damage.
You closely miss the kobold.
The kobold is severely wounded.
The kobold closely misses you.
You completely miss the kobold.
The kobold is severely wounded.
You closely miss the goblin. The goblin hits you with a +0 club.
You barely miss the kobold.
The kobold is severely wounded.
You hit the kobold but do no damage. You closely miss the goblin.
The kobold hits you with a +0 whip. The kobold hits you but does no damage.
The goblin hits you with a +0 club.
You hit the kobold.
You kill the kobold!
You hit the goblin. You barely miss the kobold.
The goblin hits you but does no damage. The kobold closely misses you.
The goblin misses you. The kobold barely misses you.
You have reached level 2!
You hit the goblin.
You kill the goblin!
You hit the kobold. The kobold completely misses you.
You hit the kobold.
You kill the kobold!
No target in view!
No target in view!
Things that are here:
a +0 club; a +0 ring mail; a goblin corpse You start removing your armour.
You continue taking off your +0 robe. x4
You finish taking off your +0 robe.
You start putting on your armour.
You continue putting on your +0 ring mail. x5
You finish putting on your +0 ring mail.
Press: ? - help, v - describe, . - travel, g - get item
Items here: a +0 whip; 5 stones; a kobold corpse.
The floor.
This square is lit by a halo.
Things that are here:
a +0 whip; 5 stones; a kobold corpse
g - 5 stones
Things that are here:
a +0 dagger; a kobold corpse
Found a ring mail.
You see here a +0 ring mail.
Found 9 gold pieces.
Found a scroll labelled XICSOE HIEROG.
An endoplasm comes into view.
Found a hand axe.
The endoplasm quivers.
A hobgoblin comes into view.
Found a stone staircase leading down.
The hobgoblin shouts!
Found 10 gold pieces.
The endoplasm closely misses you.
You hit the endoplasm.
The endoplasm is moderately wounded.
The endoplasm freezes you.
You are frozen.
You hit the endoplasm but do no damage.
The endoplasm is moderately wounded.
The endoplasm hits you but does no damage.
You hit the endoplasm.
The endoplasm is almost dead.
The endoplasm freezes you.
You are frozen.
You hit the endoplasm but do no damage.
The endoplasm is almost dead.
You hit the hobgoblin but do no damage.
The hobgoblin hits you but does no damage.
The endoplasm barely misses you.
You hit the endoplasm but do no damage.
The endoplasm is almost dead.
You hit the hobgoblin. The hobgoblin hits you. The endoplasm misses you.
The hobgoblin hits you but does no damage.
You hit the endoplasm but do no damage.
The endoplasm is almost dead.
You hit the hobgoblin but do no damage.
The endoplasm hits you but does no damage.
The hobgoblin barely misses you. The endoplasm closely misses you.
You hit the endoplasm.
You kill the endoplasm!
You barely miss the hobgoblin. The hobgoblin barely misses you.
You barely miss the hobgoblin.
The hobgoblin is lightly wounded.
The hobgoblin closely misses you.
You hit the hobgoblin.
The hobgoblin is almost dead.
The hobgoblin closely misses you.
You hit the hobgoblin.
You kill the hobgoblin!
Your Axes skill increases to level 3!
No target in view!
You now have 17 gold pieces (gained 9).
h - a scroll labelled XICSOE HIEROG You now have 27 gold pieces (gained 10).
There is a stone staircase leading down here.
You climb downwards.
There is a stone staircase leading up here.
HP restored.
Found 10 gold pieces.
You now have 37 gold pieces (gained 10).
Found an escape hatch in the ceiling.
Found a stone staircase leading up.
There is a stone staircase leading up here.
You climb upwards.
The goblin shouts!
Found 18 gold pieces and a robe.
Found an escape hatch in the floor.
There is a stone staircase leading down here.
The goblin barely misses you.
You see here 18 gold pieces.
You closely miss the goblin. The goblin barely misses you.
You barely miss the goblin. The goblin hits you with a +0 club.
You barely miss the goblin. The goblin misses you.
The goblin closely misses you.
You hit the goblin.
The goblin is moderately wounded.
The goblin hits you but does no damage.
You hit the goblin.
You kill the goblin!
You now have 55 gold pieces (gained 18).
There is a stone staircase leading down here.
You climb downwards.
There is a stone staircase leading up here.
Found a metallic clear potion.
A frilled lizard comes into view.
The frilled lizard hisses angrily.
A frilled lizard is nearby!
Found 15 gold pieces and a pink potion.
A bat comes into view.
Found a stone staircase leading up and a stone staircase leading down.
Unknown command.
An orc and an orc wizard come into view.
The orc shouts!
The orc wizard shouts!
The bat misses you.
The frilled lizard bites you but does no damage.
An endoplasm comes into view.
A hobgoblin comes into view.
You see here a metallic clear potion.
You barely miss the frilled lizard.
The hobgoblin shouts!
The endoplasm quivers.
The bat hits you but does no damage.
The frilled lizard bites you but does no damage.
An orc priest comes into view. It is wielding a +0 short sword.
You slash the frilled lizard!
You kill the frilled lizard!
The bat hits you but does no damage.
Throw: 5 stones
Press: ? - help, Q - select action Shift-Dir - straight line, f - orc wizard
Aim: an orc wizard, wielding a +0 dagger and wearing a +0 robe (haloed, 67% to hit)
You throw a stone.
The stone hits the orc wizard but does no damage.
The bat closely misses you. x2
You hit the bat but do no damage. The bat completely misses you.
The bat hits you but does no damage.
The orc wizard mumbles some strange words.
The orc wizard flickers and vanishes for a moment.
You hit the orc.
You kill the orc!
The bat barely misses you. x2
The orc priest shouts!
You hit the bat but do no damage. The bat closely misses you.
A rat comes into view.
You hit the bat but do no damage. The bat hits you.
The bat hits you but does no damage. The bat misses you.
The orc priest calls down the wrath of Beogh upon you.
Beogh smites you!
Ouch! That really hurt!
* * * LOW HITPOINT WARNING * * *
You are too injured to fight recklessly!
Cleave: a) +0 hand axe
Press: ? - help, Dir - move target, f - bat, p - orc wizard
Aim: a bat (haloed, about 36% to evade your +0 hand axe)
You barely miss the bat. The bat misses you. The bat closely misses you.
Cleave: a) +0 hand axe
Press: ? - help, Dir - move target, f/p - bat
Aim: a bat (haloed, about 36% to evade your +0 hand axe)
You hit the bat.
You kill the bat!
Training target 1.0 for Stealth reached!
Your Stealth skill increases to level 1!
Cleave: a) +0 hand axe
Press: ? - help, Dir - move target, f - orc wizard
Aim: an orc wizard, wielding a +0 dagger and wearing a +0 robe (slightly transparent, haloed, about 29% to evade your +0 hand axe)
You hit the orc wizard.
The orc wizard is lightly wounded.
The orc wizard hits you but does no damage.
A quokka comes into view.
A bat comes into view.
The orc wizard gestures at you while chanting.
You are confused.
You're too confused to aim your attacks!
Unknown command.
You bump into the rock wall.
The orc wizard hits you with a +0 dagger.
* * * LOW HITPOINT WARNING * * *
You bump into the rock wall.
The orc wizard closely misses you.
You bump into the rock wall.
The orc wizard hits you with a +0 dagger.
* * * LOW HITPOINT WARNING * * *
You barely miss the orc wizard.
The orc wizard is lightly wounded.
The orc wizard gestures at you while chanting.
The magic dart hits you but does no damage.
You closely miss the orc wizard.
The orc wizard is lightly wounded.
The orc priest invokes the aid of Beogh against you.
Beogh smites you!
Ouch! That really hurt!
You die...

#. .o. #.# ..g ...
.. #. #.. .o ..
#.# .##.# #.#
..$!#
######.######r.###
#.........@ogr...#
#.####.#####oJ##.#
#.# #.# #..#
#####.####.# #..#
#..........# #..#
#.###.###### #<.#
#.# #.# #>.# #.#
#.# #..# #.# #.#


You could see an orc priest, an orc wizard (invisible), an endoplasm, a quokka,
a hobgoblin and a rat.

Vanquished Creatures
  An orc (D:2)
  An endoplasm (D:1)
  A giant cockroach (D:1)
  2 goblins (D:1)
  2 hobgoblins (D:1)
  2 kobolds (D:1)
  A quokka (D:1)
  A ball python (D:1)
  A bat (D:2)
  2 frilled lizards
14 creatures vanquished.

Notes
Turn   | Place    | Note
-------+----------+-------------------------------------------
     0 | D:1      | jagoly the Gargoyle Monk began the quest for the Orb.
     0 | D:1      | Reached XP level 1. HP: 14/14 MP: 1/1
    65 | D:1      | Reached XP level 2. HP: 13/19 MP: 2/2
   291 | D:2      | Reached skill level 1 in Stealth
   296 | D:2      | Killed from afar by an orc priest

Illustrated notes

Levels and vault maps discovered:
D:1:      ncdulo_smallfort, layout_rooms, serial_curves, eino_curves_02,
          eino_curves_03
D:2:      layout_loops_ring

Skill      XL: |  1  2 |
---------------+-------+-----
Axes           | 3 |  3.0
Stealth        | 1 |  1.0
Fighting       | |  3.5
Armour         | |  0.5
Dodging        | |  2.4

Action                     || total
---------------------------++-------
  Melee: Hand axe          ||    47
  Throw: Stone             ||     1
 Armour: Robe              ||    17
         Ring mail         ||    18
  Dodge: Dodged            ||    37
